AoeStats
← DiPunisher

Golden Pit

507997348Analyzed
1v1 RM · 12d ago on Sep 20, 2026· 22m 58s· 2 players
Game mode
Random Map
Map size
Tiny (2 player)
Population
200
Speed
Normal
Resources
Standard
Victory
Conquest
Starting age
Dark Age
Ending age
Imperial Age
RankedLock teamsTeams togetherTeam positionsShared explorationLock speedFull tech treeHidden civsTurbo modeCheats
Victory
Defeat
🇺🇸 Koreans · United States
692
+18
🇧🇷 Lithuanians · Brazil
743
-18
nottheboss
5:52 Loom
10:56 Feudal Age
11:30 Double-Bit Axe
11:35 Horse Collar
17:48 Wheelbarrow
21:07 Castle Age
19:16 Fletching
19:48 Scale Mail Armor
20:35 Gold Mining
20:37 Stone Mining
22:53 Hand Cart
23:32 Bow Saw
DiPunisher
1:09 Loom
10:07 Feudal Age
10:35 Horse Collar
10:43 Double-Bit Axe
13:32 Wheelbarrow
14:06 Man-at-Arms
22:24 Castle Age
20:58 Forging
21:50 Bloodlines
Connection lost

Rejoining the realm…

Still unreachable

The connection could not be restored.

Session expired

The server has moved on; the page needs a fresh start.